 Dungeon Crawl Stone Soup version 0.29-a0-997-gf6f7e2dfe7 (webtiles) character file.

Game seed: 2468901211179523055

824 vurker the Skirmisher (level 7, -1/64 HPs)
             Began as a Minotaur Hunter on Aug 4, 2022.
             Slain by an orc priest
             ... wielding a +0 hand axe
              (6 damage)
             ... on level 5 of the Dungeon.
             The game lasted 00:05:00 (4402 turns).

vurker the Skirmisher (Minotaur Hunter)             Turns: 4402, Time: 00:05:01

Health: -1/64      AC: 11    Str: 17    XL:     7   Next: 64%
Magic:  6/6        EV:  7    Int:  6    God:
Gold:   350        SH:  0    Dex: 20    Spells: 6/6 levels left

rFire   . . .      SeeInvis .   a - +0 shortbow
rCold   . . .      Faith    .   (shield currently unavailable)
rNeg    . . .      Spirit   .   j - +0 chain mail
rPois   .          Reflect  .   (helmet restricted)
rElec   .          Harm     .   e - +0 cloak
rCorr   .          Rampage  .   m - +0 pair of gloves
Will    .....                   k - +0 pair of boots
Stlth   ..........              (no amulet)
HPRegen 0.20/turn               f - +6 ring of dexterity
MPRegen 0.10/turn               (no ring)

@: no status effects
A: horns 2, retaliatory headbutt
a: no special abilities


You were on level 5 of the Dungeon.
You visited 1 branch of the dungeon, and saw 5 of its levels.

You collected 350 gold pieces.

Inventory:

Hand Weapons
 a - a +0 shortbow (weapon)
Armour
 e - a +0 cloak (worn)
   (You found it on level 4 of the Dungeon)
 j - a +0 chain mail (worn)
   (You found it on level 1 of the Dungeon)
 k - a +0 pair of boots (worn)
   (You found it on level 4 of the Dungeon)
 m - a +0 pair of gloves (worn)
   (You found it on level 3 of the Dungeon)
Jewellery
 f - a +6 ring of dexterity (left hand)
   (You found it on level 1 of the Dungeon)
 i - a ring of fire
   (You found it on level 1 of the Dungeon)
Wands
 p - a wand of roots (9)
   (You found it on level 3 of the Dungeon)
Scrolls
 b - a scroll of immolation
 c - 2 scrolls of summoning
 g - a scroll of vulnerability {unknown}
 h - a scroll of torment {unknown}
Potions
 d - a potion of ambrosia
 l - a potion of heal wounds
 q - a potion of haste
 s - 2 potions of curing
 t - a potion of lignification


   Skills:
 + Level 6.3 Fighting
 * Level 9.0 Ranged Weapons
 - Level 2.1 Dodging
 - Level 0.7 Stealth


You had 6 spell levels left.
You didn't know any spells.
Your spell library contained the following spells:

 Spells                   Type           Power      Damage    Failure   Level
 Magic Dart               Conj           0%         1d3       100%        1
 Call Imp                 Summ           0%         N/A       100%        2
 Mephitic Cloud           Conj/Pois/Air  0%         N/A       100%        3


Dungeon Overview and Level Annotations

Branches:
Dungeon (5/15)             Temple (0/1) D:4

Altars:
Fedhas
Gozag
Yredelemnul


Innate Abilities, Weirdness & Mutations

You have a pair of horns on your head.
You reflexively headbutt those who attack you in melee.


Message History

The arrow hits the orc priest!
The orc priest hits you but does no damage. x2
Fire: a) +0 shortbow
Aim: an orc priest, wielding a +0 hand axe (69% to hit)
You shoot an arrow. The arrow hits the orc priest!
Fire: a) +0 shortbow
Aim: an orc priest, wielding a +0 hand axe (heavily wounded, 69% to hit)
You shoot an arrow.
The arrow closely misses the orc priest.
The orc priest calls down the wrath of Beogh upon you.
Beogh smites you!
* * * LOW HITPOINT WARNING * * *
The orc priest hits you with a +0 hand axe.
* * * LOW HITPOINT WARNING * * *
The orc priest hits you with a +0 hand axe.
* * * LOW HITPOINT WARNING * * *
You feel much better.
The orc priest hits you but does no damage.
The orc priest calls down the wrath of Beogh upon you.
Pain shoots through your body!
* * * LOW HITPOINT WARNING * * *
Fire: a) +0 shortbow
Aim: an orc priest, wielding a +0 hand axe (heavily wounded, 69% to hit)
You shoot an arrow. The arrow hits the orc priest!
You kill the orc priest!
The orc priest hits you but does no damage.
The orc priest invokes the aid of Beogh against you.
Beogh smites you!
* * * LOW HITPOINT WARNING * * *
Your Ranged Weapons skill increases to level 9!
Fire: a) +0 shortbow
Aim: an orc priest, wielding a +0 hand axe (heavily wounded, 69% to hit)
You shoot an arrow. The arrow hits the orc priest.
The orc priest barely misses you.
Fire: a) +0 shortbow
Aim: an orc priest, wielding a +0 hand axe (severely wounded, 69% to hit)
You shoot an arrow. The arrow hits the orc priest.
The orc priest hits you with a +0 hand axe.
* * * LOW HITPOINT WARNING * * *
Fire: a) +0 shortbow
Aim: an orc priest, wielding a +0 hand axe (severely wounded, 69% to hit)
You shoot an arrow. The arrow barely misses the orc priest.
The orc priest hits you but does no damage.
The orc priest barely misses you.
Fire: a) +0 shortbow
Aim: an orc priest, wielding a +0 hand axe (severely wounded, 69% to hit)
You shoot an arrow.
The arrow hits the orc priest but does no damage.
The orc priest hits you with a +0 hand axe.
You die...

#...o.....#
##......###
#>......###
#..........
..........#
#####
.#.......
#...#
##....###
#.... ###).#
#...# ###@o.#
#...###..)###
#.......###
#...#####
#...# #.<.#
#...# #####


You could see an orc priest.

Vanquished Creatures
  Sigmund (D:2)
  Menkaure (D:4)
  A phantom (D:3)
  2 scorpions
  A gnoll bouda (D:4)
  2 orc priests (D:5)
  2 hounds
  An orc wizard (D:4)
  3 gnolls (D:4)
  5 adders
  3 worms (D:2)
  A dart slug (D:1)
  7 orcs
  7 bats
  9 endoplasms
  2 giant cockroaches
  10 hobgoblins
  9 jackals
  8 kobolds
  3 quokkas
  5 ball pythons
  4 frilled lizards
  5 goblins
  8 rats
100 creatures vanquished.

Notes
Turn   | Place    | Note
-------+----------+-------------------------------------------
     0 | D:1      | vurker the Minotaur Hunter began the quest for the Orb.
     0 | D:1      | Reached XP level 1. HP: 18/18 MP: 0/0
   133 | D:1      | Reached XP level 2. HP: 24/25 MP: 1/1
   222 | D:1      | Found a faded altar of an unknown god.
   281 | D:1      | Reached skill level 5 in Ranged Weapons
   494 | D:1      | Reached XP level 3. HP: 27/31 MP: 2/2
   643 | D:2      | Noticed Sigmund
   666 | D:2      | Killed Sigmund
   667 | D:2      | Reached skill level 6 in Ranged Weapons
   667 | D:2      | Reached XP level 4. HP: 39/41 MP: 3/3
   667 | D:2      | Reached XP level 5. HP: 45/47 MP: 4/4
  1531 | D:2      | Reached skill level 7 in Ranged Weapons
  1798 | D:3      | Reached XP level 6. HP: 45/53 MP: 5/5
  2156 | D:3      | Reached skill level 5 in Fighting
  2392 | D:3      | Found a blossoming altar of Fedhas.
  2478 | D:3      | Found an opulent altar of Gozag.
  2478 | D:3      | Found a basalt altar of Yredelemnul.
  3066 | D:4      | Reached skill level 8 in Ranged Weapons
  3237 | D:4      | Found a staircase to the Ecumenical Temple.
  3238 | D:4      | Noticed Menkaure
  3240 | D:4      | Reached XP level 7. HP: 61/61 MP: 6/6
  3249 | D:4      | Killed Menkaure
  4325 | D:5      | Entered Level 5 of the Dungeon
  4396 | D:5      | HP: 3/63 [orc priest/+0 hand axe (2)]
  4399 | D:5      | Reached skill level 9 in Ranged Weapons
  4402 | D:5      | Slain by an orc priest

Illustrated notes

Levels and vault maps discovered:
D:1:      lemuel_arrival_lava_pool, layout_rooms,
          dreamdust_ecumenical_altar_statues
D:2:      minmay_chambers_of_twos, layout_basic, uniq_sigmund
D:3:      layout_loops_corners, fedhas_altar_4, gammafunk_temple_overflow_wave,
          grunt_ministairs_14, minmay_puff
D:4:      layout_loops_corners, minmay_temple_entry_stoned_glass,
          minmay_fountain_box, uniq_menkaure
D:5:      layout_rooms, hangedman_decor_clover_reticule, minmay_joined_circles

Skill      XL: |  1  2  3  4  5  6  7 |
---------------+----------------------+-----
Ranged Weapons | 5 6 7 8 9 |  9.0
Fighting       | 3 4 5 6 |  6.3
Dodging        | |  2.1
Stealth        | |  0.7

Action                   |  1- 3 |  4- 6 |  7- 9 || total
-------------------------+-------+-------+-------++-------
 Fire: Shortbow          |    91 |   146 |    57 ||   294
  Use: Potion            |     2 |       |     1 ||     3
       Scroll            |       |    11 |       ||    11
Armor: Leather armour    |     1 |       |       ||     1
       Chain mail        |    14 |       |    23 ||    37
       Robe              |       |     2 |     1 ||     3
Dodge: Dodged            |    14 |    34 |     7 ||    55

Table legend: (Time is in decaauts)
 A = Elapsed time spent in this place.
 B = Non-inter-level travel time spent in this place.
 C = Inter-level travel time spent in this place.
 D = Time resting spent in this place.
 E = Time spent auto-exploring this place.
 F = Levels seen in this place.
 G = Mean time per level.
                   A        B        C        D        E       F      G
               +--------+--------+--------+--------+--------+-----+--------+
         Total |   4498 |   4154 |    344 |     22 |   3369 |   5 |  899.6 |
       Dungeon |   4498 |   4154 |    344 |     22 |   3369 |   5 |  899.6 |
               +--------+--------+--------+--------+--------+-----+--------+

Top non-repeatable levels by time:
     D:3: 1395 daAuts
     D:4: 1382 daAuts
     D:2: 1105 daAuts
     D:1: 567 daAuts
     D:5: 48 daAuts
